Description

This is a game from Lambo against Denver.

This build order is probably the most cheesy.

VOD

https://youtu.be/qwDedZzanGU

Replay - Denver v Lambo - Ever Dream LE

Build Order

Get SALT Encoding   

  12  0:17  Spawning Pool  
  11  0:21  Drone x2  
  13  0:31  Drone  
  14  0:40  Overlord  
  14  1:04  Zergling x6  
  17  1:15  Zergling x2  
  18  1:26  Zergling x2  
  19  1:37  Zergling x2  
  20  1:54  Spine Crawler x3  
  17  2:08  Zergling x2  
  18  2:22  Zergling x2  
  18  2:37  Zergling x2  
  19  3:00  Zergling x2  
Spawning Tool Build Advisor. Get it on Overwolf

Go to:

Details

  • Created by: zuka      
  • Published on: May 01, 2020
  • Modified on: May 01, 2020
  • Patch: 4.11.0
Show
View Real Time Build Order
Export as new Build Order

Comments (0)

There are no comments. Be the first!

Create an account to comment!